 Dungeon Crawl Stone Soup version 0.31-a0-95-g6fa058ef04 (webtiles) character file.

Game seed: 9052865940885828265

1468 greasedhog the Cleaver (level 8, -1/47 (49) HPs)
             Began as a Tengu Fighter on May 25, 2023.
             Was an Initiate of Okawaru.
             Slain by a wight
             ... wielding a +1 flail
              (11 damage)
             ... on level 6 of the Dungeon.
             The game lasted 00:06:48 (5606 turns).

greasedhog the Cleaver (Tengu Fighter)              Turns: 5606, Time: 00:06:49

HP:   -1/47 (49)    AC: 11    Str: 19    XL:     8   Next: 77%
MP:   9/9           EV:  9    Int:  8    God:    Okawaru [......]
Gold: 309           SH:  8    Dex: 14    Spells: 7/7 levels left

rFire   . . .        a - +0 war axe
rCold   . . .        q - +0 kite shield
rNeg    . . .        k - +0 chain mail
rPois   .            (helmet restricted)
rElec   .            (no cloak)
rCorr   .            o - +0 pair of gloves
SInv    .            (boots unavailable)
Will    .....        (no amulet) Stlth
                     (no ring)
HPRegen 0.27/turn    (no ring)
MPRegen 0.11/turn

%: no passive effects
@: flying quickly and evasively, lightly drained, quick
A: beak, talons 3, nimble flight
a: Renounce Religion


You were on level 6 of the Dungeon.
You worshipped Okawaru.
Okawaru was noncommittal.
You visited 2 branches of the dungeon, and saw 7 of its levels.
You also visited: Sewer.

You collected 309 gold pieces.

Inventory:

Hand Weapons
 a - a +0 war axe (weapon)
Armour
 k - a +0 chain mail (worn)
 o - a +0 pair of gloves (worn)
 q - a +0 kite shield (worn)
Wands
 p - a wand of polymorph (6)
 x - a wand of roots (11)
Scrolls
 b - a scroll of summoning
 c - 3 scrolls of magic mapping
 e - a scroll of teleportation
 i - a scroll of fear
 j - 2 scrolls of amnesia
 n - a scroll of brand weapon {unknown}
 t - a scroll of blinking {unknown}
 u - a scroll of vulnerability {unknown}
 y - 2 scrolls of immolation {unknown}
 B - a scroll of torment {unknown}
Potions
 d - 2 potions of might
 f - 2 potions of heal wounds
 g - a potion of berserk rage
 h - a potion of resistance
 l - a potion of mutation {unknown}
 r - 2 potions of curing
 s - a potion of haste {unknown}
 v - a potion of brilliance {unknown}
 w - a potion of attraction {unknown}
 z - 6 potions of enlightenment


   Skills:
 - Level 5.0 Fighting
 * Level 9.7 Axes
 - Level 5.2 Armour
 + Level 2.6 Dodging
 - Level 3.0 Shields


You had 7 spell levels left.
You didn't know any spells.
Your spell library contained the following spells:

 Spells                   Type           Power      Damage    Failure   Level
 Beastly Appendage        Tmut           0%         N/A       100%        1
 Wereblood                Tmut           0%         N/A       100%        2
 Spider Form              Tmut/Pois      0%         N/A       100%        3


Dungeon Overview and Level Annotations

Branches:
Dungeon (6/15)             Temple (1/1) D:6           Sewer (visited)

Altars:
Ashenzari
Cheibriados
Dithmenos
Fedhas
Gozag
Hepliaklqana
Kikubaaqudgha
Makhleb
Nemelex Xobeh
Okawaru
Qazlal
Ru
Sif Muna
Trog
Vehumet
Wu Jian
Xom
Yredelemnul
Zin
The Shining One


Innate Abilities, Weirdness & Mutations

You have a beak for a mouth.
You have claws for feet.
Your magical nature lets you fly swiftly and evasively.


Message History

Edmund is heavily wounded.
Edmund hits you with a +2 dire flail of protection.
You hit Edmund but do no damage. You claw Edmund.
Edmund is severely wounded.
Edmund closely misses you. Edmund hits you but does no damage.
A wight comes into view. It is wielding a +1 flail.
You hit Edmund.
Edmund is severely wounded.
You block Edmund's attack.
You hit Edmund. Your kick misses Edmund. You peck Edmund, but do no damage.
Edmund is almost dead.
Edmund hits you with a +2 dire flail of protection.
You hit Edmund. You claw Edmund.
Edmund is almost dead.
Edmund hits you with a +2 dire flail of protection!
You closely miss Edmund. Your kick misses Edmund.
You peck Edmund, but do no damage.
Edmund is almost dead.
Edmund hits you with a +2 dire flail of protection.
You hit Edmund but do no damage. You claw Edmund.
You kill Edmund!
Okawaru accepts your kill.
You fly downwards.
Welcome back to the Ecumenical Temple!
There is a staircase back to the Dungeon here.
You start resting.
HP restored.
You can't go down here!
You fly upwards.
Welcome back to the Dungeon!
You block the wight's attack. The wight hits you with a +1 flail!
You feel drained.
There is a staircase to the Ecumenical Temple, spattered with blood here.
You hit the wight but do no damage. Your kick misses the wight.
The wight hits you with a +1 flail.
You feel drained.
You closely miss the wight. Your kick misses the wight.
The wight closely misses you.
You closely miss the wight. Your peck misses the wight.
You block the wight's attack.
The wight hits you from afar with a +2 heavy halberd!!
* * * LOW HITPOINT WARNING * * *
The wight hits you with a +1 flail!
You die...

##.##.... .......... .#
~~.~~## .. .####
~≈.~≈##... ..(..
.....~~..# #...# #
.....~~..# #.⌠.# ...
.........# ####...###...
.~†..≈~..# #....[......?
....~≈~..###(⌠.z@.z⌠....
~≈~≈≈##..##.............
~~~~~##..#..###...###...
............# #.⌠.# .
#.######....###...###.
#... #...............
###....>...............
....................
####...........#...z


You could see 2 wights.

Vanquished Creatures
  Menkaure (D:5)
  Edmund (D:6)
  A water moccasin (D:6)
  An ogre (D:5)
  A kobold brigand (D:6)
  2 bullfrogs (D:6)
  A scorpion (D:5)
  A water moccasin zombie (D:4)
  A bullfrog zombie (D:4)
  2 quasits (D:5)
  2 orc priests
  A jelly (D:6)
  A sleepcap (D:6)
  Natasha (twice) (D:2)
  An iguana (D:5)
  4 orc wizards
  Terence (D:2)
  A hound zombie (D:4)
  4 river rats (Sewer)
  6 adders
  5 shadow imps (D:5)
  A white imp (D:4)
  7 ufetubi
  An adder zombie (D:4)
  4 worms
  2 dart slugs
  16 orcs
  18 bats
  10 endoplasms
  2 giant cockroaches
  2 goblins
  4 hobgoblins
  6 jackals
  2 quokkas
  11 ball pythons
  6 frilled lizards
  9 kobolds
  7 rats
  A spectral kobold (D:3)
149 creatures vanquished.

Notes
Turn   | Place    | Note
-------+----------+-------------------------------------------
     0 | D:1      | greasedhog the Tengu Fighter began the quest for the Orb.
     0 | D:1      | Reached XP level 1. HP: 14/14 MP: 2/2
   243 | D:1      | Reached XP level 2. HP: 19/19 MP: 3/3
   572 | D:1      | Reached skill level 3 in Axes
   887 | D:2      | Reached XP level 3. HP: 17/23 MP: 4/4
   898 | D:2      | Noticed Terence
   908 | D:2      | Killed Terence
   958 | D:2      | Reached XP level 4. HP: 27/28 MP: 5/5
   965 | D:2      | Reached skill level 4 in Axes
  1315 | D:2      | Noticed Natasha
  1320 | D:2      | Killed Natasha
  1369 | D:2      | Noticed Natasha
  1374 | D:2      | Killed Natasha
  1375 | D:2      | Gained mutation: Your magical nature lets you fly swiftly
                  | and evasively. [Tengu growth]
  1375 | D:2      | Reached XP level 5. HP: 24/33 MP: 6/6
  1796 | D:3      | Reached skill level 5 in Axes
  1955 | D:3      | Found a faded altar of an unknown god.
  2147 | D:4      | Reached XP level 6. HP: 37/39 MP: 7/7
  2555 | D:4      | Reached skill level 6 in Axes
  2607 | D:4      | Found a basalt altar of Yredelemnul.
  2921 | D:5      | Entered Level 5 of the Dungeon
  3203 | D:5      | Reached skill level 5 in Fighting
  3240 | D:5      | Noticed Menkaure
  3368 | D:5      | Killed Menkaure
  3369 | D:5      | Reached skill level 7 in Axes
  3369 | D:5      | Reached XP level 7. HP: 17/44 MP: 8/8
  3689 | D:5      | HP: 2/44 [quasit (2)]
  4045 | D:5      | Reached skill level 8 in Axes
  4501 | D:6      | Reached XP level 8. HP: 38/49 MP: 9/9
  4514 | D:6      | Reached skill level 5 in Armour
  4514 | D:6      | Found a glowing drain.
  4521 | D:5      | HP: 2/49 [poisoned by a kobold brigand]
  4737 | Sewer    | Entered a sewer
  5213 | Sewer    | Reached skill level 9 in Axes
  5213 | Sewer    | Reached skill level 1 in Dodging
  5347 | D:6      | Found a staircase to the Ecumenical Temple.
  5357 | D:6      | Noticed Edmund
  5365 | Temple   | Entered the Ecumenical Temple
  5457 | Temple   | Became a worshipper of Warmaster Okawaru
  5485 | D:6      | Killed Edmund
  5606 | D:6      | Slain by a wight

Illustrated notes

Levels and vault maps discovered:
D:1:      shiori_arrival_elements, layout_loops_ring
D:2:      layout_rooms, uniq_natasha, uniq_terence
D:3:      layout_rooms, dreamdust_ecumenical_altar_drowned_temple
D:4:      layout_basic, nicolae_yredelemnul_corpse_copse, serial_glass,
          glass_columns_c, glass_columns_c, glass_columns_b, glass_columns_c,
          glass_columns_b, glass_columns_c, glass_columns_a, glass_columns_a,
          glass_columns_c, glass_columns_b, glass_columns_a, glass_columns_a,
          glass_columns_c, glass_columns_b, uniq_crazy_yiuf_cottage
D:5:      layout_loops_corners, serial_demonic, serial_demonic_f,
          serial_demonic_c, serial_demonic_a, serial_demonic_d,
          serial_demonic_f, serial_demonic_d, serial_demonic_e,
          serial_demonic_d, uniq_menkaure
D:6:      layout_rooms, nicolae_uskayaw_murder_on_the_dancefloor,
          minmay_temple_entry_junction, cheibrodos_sewer_entry_sluice,
          minivault_4, uniq_edmund
Temple:   hellmonk_temple_of_storms

Skill      XL: |  1  2  3  4  5  6  7  8 |
---------------+-------------------------+-----
Axes           | 3 4 5 7 8 9 |  9.7
Fighting       | 4 5 |  5.0
Armour         | 4 5 |  5.2
Dodging        | 2 |  2.6
Shields        | |  3.0

Action                     |  1- 3 |  4- 6 |  7- 9 || total
---------------------------+-------+-------+-------++-------
  Melee: War axe           |    50 |   145 |   168 ||   363
         Peck              |     9 |    26 |    28 ||    63
         Kick              |     8 |    31 |    42 ||    81
  Throw: Throwing net      |       |       |     2 ||     2
  Evoke: Wand              |       |       |     1 ||     1
    Use: Scroll            |     2 |     6 |     4 ||    12
         Potion            |       |       |     1 ||     1
 Armour: Scale mail        |    20 |       |       ||    20
         Chain mail        |     4 |    92 |   145 ||   241
  Dodge: Dodged            |    27 |    58 |    78 ||   163
  Block: Buckler           |    10 |    14 |       ||    24
         Kite shield       |       |    22 |   112 ||   134

Table legend: (Time is in decaauts)
 A = Elapsed time spent in this place.
 B = Non-inter-level travel time spent in this place.
 C = Inter-level travel time spent in this place.
 D = Time resting spent in this place.
 E = Time spent auto-exploring this place.
 F = Levels seen in this place.
 G = Mean time per level.
                   A        B        C        D        E       F      G
               +--------+--------+--------+--------+--------+-----+--------+
         Total |   5452 |   5078 |    374 |    856 |   3204 |   8 |  681.5 |
       Dungeon |   4716 |   4363 |    353 |    644 |   2876 |   6 |  786.0 |
        Temple |    217 |    197 |     20 |    113 |     67 |   1 |  217.0 |
         Sewer |    518 |    518 |      0 |     99 |    260 |   1 |  518.0 |
               +--------+--------+--------+--------+--------+-----+--------+

Top non-repeatable levels by time:
     D:5: 1454 daAuts
     D:4: 1001 daAuts
     D:1: 885 daAuts
     D:2: 696 daAuts
   Sewer: 518 daAuts
     D:3: 503 daAuts
  Temple: 217 daAuts
     D:6: 176 daAuts
